 Dungeon Crawl Stone Soup version 0.19.1 (webtiles) character file.

90 CanadianGator the Ruffian (level 4, -3/36 HPs)
             Began as a Minotaur Transmuter on Dec 1, 2016.
             Slain by Sigmund
             ... wielding a +0 scythe
              (11 damage)
             ... on level 3 of the Dungeon.
             The game lasted 00:04:23 (1807 turns).

CanadianGator the Ruffian (Minotaur Transmuter)     Turns: 1807, Time: 00:04:24

Health: -3/36      AC:  2    Str: 16    XL:     4   Next: 32%
Magic:  5/5        EV: 12    Int: 10    God:
Gold:   99         SH:  0    Dex: 10    Spells: 2 memorised, 2 levels left

rFire  . . .     SeeInvis .       - Unarmed
rCold  . . .     Gourm    .     j - +0 robe (curse)
rNeg   . . .     Faith    .     (no shield)
rPois  .         Spirit   .     (helmet restricted)
rElec  .         Reflect  .     (no cloak)
rCorr  .         Harm     .     (no gloves)
MR     .....                    (no boots)
Stlth  +.........               (no amulet)
                                (no ring)
                                (no ring)

@: no status effects
A: retaliatory headbutt, horns 2
a: no special abilities


You were on level 3 of the Dungeon.
You were hungry.

You visited 1 branch of the dungeon, and saw 3 of its levels.

You collected 99 gold pieces.

Inventory:

Missiles
 a - 12 arrows
Armour
 b - a +0 robe
 i - a +0 ring mail
 j - a cursed +0 robe (worn)
Scrolls
 e - a scroll of recharging {unknown}
 f - 2 scrolls of teleportation {unknown}
 g - 3 scrolls of identify {unknown}
 h - a scroll of random uselessness {unknown}
 k - a scroll of remove curse {unknown}
 l - a scroll of enchant weapon {unknown}
Potions
 n - a potion of degeneration {unknown}
Books
 c - a book of Changes

   Spells                             Type                      Level
   a - Beastly Appendage              Transmutation                1
   b - Sticks to Snakes               Transmutation                2
   c - Spider Form                    Transmutation/Poison         3
   d - Ice Form                       Ice/Transmutation            4
   e - Blade Hands                    Transmutation                5
Comestibles
 d - 2 bread rations
 m - 2 meat rations


   Skills:
 + Level 2.2 Fighting
 + Level 1.4 Armour
 + Level 2.5 Dodging
 * Level 4.0 Unarmed Combat
 - Level 1.3 Spellcasting
 * Level 2.6 Transmutations


You had 2 spell levels left.
You knew the following spells:

 Your Spells              Type           Power        Failure   Level  Hunger
a - Beastly Appendage     Tmut           #.....       14%         1    ##.....
b - Sticks to Snakes      Tmut           #.......     21%         2    ###....


Dungeon Overview and Level Annotations

Branches:
Dungeon (3/15)

Altars:
Nemelex Xobeh

Annotations:
D:3 Sigmund


Innate Abilities, Weirdness & Mutations

You reflexively headbutt those who attack you in melee.
You have a pair of horns on your head.


Message History

You are too confused!
You are too confused!
You are too confused!
You are too confused!
You are too confused!
You are too confused!
You are too confused!
Sigmund zaps a wand.
The puff of flame hits you!
Sigmund gestures wildly while chanting.
Sigmund flickers and vanishes!
Deactivating autopickup; reactivate with Ctrl-A.
Found 18 gold pieces.
You're too confused to move!
Something hits you.
You miss something. You headbutt something. Something hits you!
* * * LOW HITPOINT WARNING * * *
There is a stone staircase leading down, spattered with blood here.
You feel less confused. Something hits you!
You die...

#.# ..# #.# #.# # ...
#### #.# +## ...# #.#
...# ##.# ### #.# .....
##.# ##.###@##......
##.########..............
†................{.......
##.########...##.#.......
##.# ##..#..#......$ ...#
##.#.##.#..... ##.# #...
.##...# #.# ###.# #. #+##
#.# #.# .


There were no monsters in sight!

Vanquished Creatures
  Jessica (D:2)
  An adder (D:2)
  2 oozes (D:2)
  A leopard gecko (D:3)
  4 bats
  4 giant cockroaches (D:1)
  6 goblins
  3 hobgoblins
  6 jackals (D:2)
  3 kobolds (D:1)
  2 quokkas (D:2)
  2 frilled lizards (D:2)
  7 rats
42 creatures vanquished.

Notes
Turn   | Place    | Note
-------+----------+-------------------------------------------
     0 | D:1      | CanadianGator the Minotaur Transmuter began the quest for the Orb.
     0 | D:1      | Reached XP level 1. HP: 16/16 MP: 1/1
   367 | D:1      | Reached XP level 2. HP: 23/23 MP: 3/3
   488 | D:1      | Reached skill level 1 in Armour
   702 | D:1      | Found a sparkling altar of Nemelex Xobeh.
  1091 | D:2      | Reached XP level 3. HP: 25/29 MP: 4/4
  1572 | D:2      | Noticed Jessica
  1596 | D:2      | Killed Jessica
  1596 | D:2      | Reached XP level 4. HP: 18/36 MP: 5/5
  1626 | D:2      | Reached skill level 4 in Unarmed Combat
  1767 | D:3      | Learned a level 2 spell: Sticks to Snakes
  1791 | D:3      | Noticed Sigmund
  1807 | D:3      | Slain by Sigmund

Skill      XL: |  1  2  3  4 |
---------------+-------------+-----
Armour         | 1 |  1.4
Transmutations | 2 |  2.6
Fighting       | 2 |  2.2
Unarmed Combat | 4 |  4.0
Dodging        | |  2.5
Spellcasting   | |  1.3

Action                   |  1- 3 |  4- 6 || total
-------------------------+-------+-------++-------
Melee: Unarmed           |   101 |    17 ||   118
       Headbutt          |    19 |     3 ||    22
       Punch             |     2 |       ||     2
  Use: Potion            |     3 |       ||     3
 Stab: Sleeping          |     1 |       ||     1
  Eat: Chunk             |     1 |     1 ||     2
Armor: Robe              |    23 |       ||    23
Dodge: Dodged            |    67 |    12 ||    79
